Map: Frozen Temple

Players

viOlet

  • Race: Zerg Zerg

Showtime - Winner!

  • Race: Protoss Protoss

Event: DreamHack Open Tours WCS Spring Championship

VOD

https://www.youtube.com/watch?v=bm12gUxsuUE

Description

Time

  • Played on: May 15, 2016, 2:44 p.m.
  • Length: 12:14

All games in this series

Show
View Real Time Build Order
Export as new Build Order

viOlet Zerg 

Build Orders: Hatch First 

Get SALT Encoding   

  12  0:00  Drone  
  13  0:12  Overlord  
  13  0:17  Drone  
  14  0:31  Drone x2  
  17  0:35  Drone  
  17  0:51  Hatchery  
  17  0:54  Drone  
  17  0:57  Drone  
  17  0:59  Extractor  
  17  1:07  Drone  
  18  1:16  Spawning Pool  
  17  1:19  Drone  
  18  1:29  Drone  
  19  1:46  Overlord  
  19  1:55  Drone  
  20  2:03  Queen x2, Metabolic Boost  
  20  2:07  Zergling x2, Drone  
  26  2:15  Drone x2  
  28  2:29  Zergling x4  
  30  2:36  Zergling x2  
  30  2:37  Zergling x2  
  32  2:41  Hatchery  
  31  2:45  Overlord  
  31  2:48  Drone  
  32  2:54  Drone  
  32  2:57  Queen  
  35  3:07  Drone x3  
  35  3:12  Drone  
  38  3:13  Drone x2  
  38  3:14  Drone x3  
  42  3:22  Zergling x2  
  42  3:27  Overlord  
  40  3:43  Overlord x2  
  40  3:44  Zergling x4  
  40  3:45  Zergling x2  
  40  3:46  Zergling x4  
  45  3:55  Zergling x2  
  46  4:03  Zergling x4  
  48  4:10  Zergling x10  
  48  4:11  Queen  
  48  4:13  Drone  
  56  4:18  Spine Crawler  
  56  4:19  Baneling Nest  
  56  4:23  Zergling x10  
  59  4:38  Zergling x10  
  65  4:55  Overlord x2  
  65  5:04  Baneling x5  
  65  5:06  Baneling  
  65  5:07  Overlord x2  
  62  5:17  Drone x2  
  64  5:23  Drone  
  64  5:24  Drone  
  64  5:25  Drone x6  
  67  5:31  Overlord  
  67  5:32  Drone  
  62  5:36  Zergling x6  
  62  5:39  Drone x2  
  62  5:42  Queen x2  
  68  5:45  Queen  
  72  5:53  Drone x3  
  72  5:55  Roach Warren  
  74  5:58  Evolution Chamber  
  74  6:01  Extractor  
  72  6:04  Drone x5  
  76  6:13  Spore Crawler  
  76  6:15  Drone x8  
  79  6:21  Drone x3  
  79  6:25  Zerg Melee Weapons Level 1  
  80  6:35  Lair  
  80  6:36  Drone, Extractor  
  80  6:37  Drone x4  
  84  6:42  Drone  
  84  6:44  Extractor  
  84  6:47  Overlord x2  
  84  6:50  Drone x3  
  87  7:00  Drone x3  
  88  7:02  Overlord x2, Spore Crawler  
  88  7:04  Spore Crawler  
  82  7:10  Spore Crawler  
  82  7:13  Drone x2  
  82  7:15  Extractor  
  77  7:32  Drone, Extractor  
  77  7:33  Drone x6  
  77  7:34  Glial Reconstitution  
  77  7:36  Hydralisk Den  
  80  7:41  Drone x2, Hatchery  
  80  7:42  Drone x3  
  80  7:43  Drone  
  84  7:46  Roach x4  
  90  7:53  Roach  
  90  7:54  Roach x2  
  92  8:03  Roach x2  
  96  8:06  Roach x3  
  96  8:09  Ravager  
  96  8:11  Ravager, Roach x2, Zergling x4  
  110  8:15  Ravager  
  111  8:21  Zergling x4, Roach  
  111  8:23  Zergling x4, Roach  
  111  8:37  Zergling x4, Roach  
  111  8:38  Roach  
  113  8:44  Overlord x3  
  113  8:45  Overlord  
  112  8:55  Overlord x3  
  112  8:56  Zerg Missile Weapons Level 1, Overlord  
  112  9:04  Overseer  
  112  9:05  Muscular Augments  
  112  9:06  Hydralisk  
  112  9:07  Hydralisk x7  
  126  9:13  Drone x4  
  128  9:21  Hydralisk x3  
  134  9:30  Hydralisk x4  
  139  9:38  Drone x8  
  141  9:59  Zergling x18  
  150  10:01  Queen  
  149  10:09  Spore Crawler  
  149  10:12  Zergling x6  
  151  10:20  Overlord x3  
  151  10:21  Overlord x2, Lurker Den  
  151  10:38  Queen  
  151  10:41  Hydralisk x5  
  151  10:42  Overlord  
  162  10:43  Drone  
  162  10:44  Drone x7  
  162  10:47  Extractor  
  167  10:53  Hydralisk x4  
  163  11:12  Hydralisk x6  
  165  11:19  Hatchery  
  163  11:29  Hydralisk x2  
  163  11:30  Hydralisk x4  
  156  11:36  Hydralisk  
  156  11:37  Zergling x2  
  153  11:54  Zergling x2  
Show
View Real Time Build Order
Export as new Build Order

Showtime Protoss - Winner!

Build Orders: 1 Gate Expand 

Get SALT Encoding   

  12  0:00  Probe (Chrono Boost)  
  13  0:11  Probe (Chrono Boost)  
  14  0:18  Pylon  
  14  0:22  Probe (Chrono Boost)  
  15  0:36  Probe (Chrono Boost)  
  15  0:39  Gateway  
  16  0:46  Assimilator  
  16  0:47  Probe (Chrono Boost)  
  17  0:57  Probe (Chrono Boost)  
  18  1:08  Probe (Chrono Boost)  
  19  1:15  Gateway  
  19  1:27  Cybernetics Core  
  19  1:42  Nexus  
  19  1:50  Pylon  
  19  2:05  Adept x2 (Chrono Boost)  
  19  2:08  Warp Gate, Probe  
  24  2:12  Assimilator  
  24  2:20  Probe  
  29  2:30  Adept x2 (Chrono Boost)  
  29  2:32  Probe  
  30  2:44  Probe  
  31  2:56  Probe, Adept (Chrono Boost)  
  31  2:57  Probe  
  37  3:00  Adept (Chrono Boost)  
  37  3:06  Probe  
  37  3:09  Probe  
  39  3:17  Probe, Stargate  
  40  3:21  Probe  
  40  3:26  Pylon  
  41  3:27  Mothership Core (Chrono Boost)  
  41  3:33  Probe (Chrono Boost)  
  44  3:45  Probe (Chrono Boost)  
  44  3:48  Probe (Chrono Boost), Pylon  
  47  3:55  Probe (Chrono Boost)  
  47  3:58  Probe (Chrono Boost)  
  48  4:03  Phoenix (Chrono Boost)  
  48  4:06  Probe  
  48  4:07  Probe  
  52  4:10  Pylon  
  52  4:18  Probe x2  
  54  4:24  Nexus  
  54  4:29  Probe, Phoenix (Chrono Boost)  
  54  4:30  Probe  
  58  4:34  Pylon  
  58  4:40  Probe  
  58  4:41  Pylon  
  58  4:42  Probe  
  60  4:50  Probe  
  60  4:51  Phoenix (Chrono Boost)  
  63  4:54  Probe  
  63  4:56  Adept x2  
  68  5:01  Probe  
  68  5:06  Assimilator  
  70  5:09  Assimilator  
  69  5:16  Sentry  
  69  5:17  Gateway  
  70  5:23  Sentry  
  70  5:25  Phoenix (Chrono Boost)  
  74  5:34  Pylon  
  74  5:40  Pylon  
  74  5:41  Pylon  
  74  5:48  Pylon  
  74  5:49  Forge  
  74  5:52  Nexus, Phoenix (Chrono Boost)  
  74  5:54  Probe  
  74  5:55  Pylon  
  74  5:56  Probe  
  78  5:57  Pylon  
  78  6:05  Probe  
  78  6:08  Probe  
  80  6:15  Probe  
  81  6:19  Robotics Facility  
  81  6:20  Probe  
  81  6:22  Robotics Facility  
  81  6:23  Phoenix (Chrono Boost)  
  84  6:27  Photon Cannon  
  84  6:31  Pylon  
  84  6:32  Probe  
  85  6:33  Probe  
  85  6:34  Pylon  
  85  6:36  Protoss Ground Weapons Level 1 (Chrono Boost)  
  86  6:42  Photon Cannon  
  86  6:44  Probe, Sentry  
  86  6:45  Sentry  
  91  6:48  Probe, Gateway  
  91  6:51  Gateway  
  92  6:57  Probe  
  92  6:58  Probe  
  92  7:00  Phoenix  
  96  7:07  Probe  
  97  7:09  Probe x2, Observer (Chrono Boost)  
  97  7:11  Immortal (Chrono Boost)  
  104  7:19  Probe, Assimilator  
  104  7:21  Probe x2, Assimilator  
  107  7:28  Adept  
  107  7:29  Adept  
  111  7:31  Probe x2  
  111  7:33  Probe  
  114  7:38  Immortal (Chrono Boost)  
  114  7:41  Twilight Council  
  114  7:42  Probe  
  114  7:43  Probe  
  120  7:45  Immortal  
  120  7:46  Probe  
  125  7:57  Zealot x4  
  133  8:06  Gateway x2  
  133  8:07  Gateway  
  133  8:19  Pylon  
  133  8:20  Pylon, Charge (Chrono Boost)  
  133  8:32  Immortal  
  133  8:35  Immortal  
  131  8:45  Zealot x4  
  133  8:49  Protoss Ground Weapons Level 2 (Chrono Boost)  
  133  8:50  Gateway x2  
  129  8:58  Pylon  
  129  9:00  Pylon  
  129  9:10  Immortal  
  129  9:14  Immortal  
  129  9:15  Nexus  
  137  9:21  Pylon  
  137  9:23  Pylon  
  135  9:36  Templar Archives  
  135  9:37  Pylon  
  135  9:44  Immortal  
  135  9:47  Zealot x5  
  149  9:53  Photon Cannon  
  149  9:56  Immortal  
  153  10:13  High Templar x4  
  161  10:17  Archon  
  161  10:18  Archon  
  161  10:19  Pylon, Warp Prism  
  161  10:21  Pylon, High Templar x4  
  163  10:26  Archon x2  
  163  10:27  Zealot  
  173  10:47  Zealot x3, High Templar x2, Gateway  
  182  10:52  Archon  
  182  10:53  Probe x3  
  182  11:03  Zealot x3  
  182  11:04  Zealot  
  190  11:09  Immortal  
  190  11:10  Photon Cannon  
  188  11:12  Photon Cannon  
  188  11:13  Immortal  
  188  11:15  Photon Cannon  
  180  11:39  Zealot  
  176  11:40  Zealot x6  
  176  11:41  Zealot  
  178  11:59  Nexus  
  162  12:02  Pylon  
  162  12:03  Zealot x5  
  162  12:04  Zealot x2  

Tags
 
Add a new tag
Caveats
  • Supply blocks, unpowered buildings, or Contaminate may cause inaccurate times.
  • Supply counts are checked every 10 seconds.